 Dungeon Crawl Stone Soup version 0.24.0-13-gcf9b319 (webtiles) character file.

Game seed: 2512397710179354173, levelgen mode: deterministic

56 Bronimir the Chiller (level 3, 0/26 HPs)
             Began as a Draconian Ice Elementalist on Apr 21, 2020.
             Succumbed to an adder's poison
             ... on level 2 of the Dungeon.
             The game lasted 00:03:42 (1682 turns).

Bronimir the Chiller (Draconian Ice Elementalist)   Turns: 1682, Time: 00:03:43

Health: 0/26       AC:  5    Str: 10    XL:     3   Next: 71%
Magic:  1/6        EV: 12    Int: 16    God:
Gold:   32         SH:  0    Dex: 11    Spells: 4/7 levels left

rFire    . . .     SeeInvis .   g - +0 hand axe
rCold    . . .     Gourm    .   (no shield)
rNeg     . . .     Faith    .   (armour unavailable)
rPois    .         Spirit   .   (helmet restricted)
rElec    .         Reflect  .   (no cloak)
rCorr    .         Harm     .   (no gloves)
MR       .....                  (no boots)
Stlth    ++........             (no amulet)
HPRegen  0.08/turn              (no ring)
MPRegen  0.10/turn              (no ring)

@: lethally poisoned (0 -> -14)
A: unfitting armour, cold-blooded, AC +5
a: no special abilities


You were on level 2 of the Dungeon.
You were not hungry.

You visited 1 branch of the dungeon, and saw 2 of its levels.

You collected 32 gold pieces.

Inventory:

Hand Weapons
 g - a +0 hand axe (weapon)
Missiles
 d - 21 stones (quivered)
Jewellery
 k - a +3 ring of evasion {unknown}
Scrolls
 a - a scroll of enchant weapon {unknown}
 f - a scroll of remove curse {unknown}
 h - a scroll of fog {unknown}
 i - a scroll of enchant armour {unknown}
 l - a scroll of identify {unknown}
Potions
 c - a potion of heal wounds {unknown}
 e - a potion of magic {unknown}
Comestibles
 b - 4 rations
 j - 2 chunks of flesh


   Skills:
 + Level 0.3 Axes
 * Level 2.4 Dodging
 - Level 1.7 Stealth
 * Level 2.5 Spellcasting
 + Level 1.0 Conjurations
 * Level 3.8 Ice Magic


You had 4 spell levels left.
You knew the following spells:

 Your Spells              Type           Power        Failure   Level  Hunger
a - Freeze                Ice            ##..         4%          1    #......
b - Throw Frost           Conj/Ice       #.....       11%         2    ##.....

Your spell library contained the following spells:

 Spells                   Type           Power        Failure   Level  Hunger
 Ozocubu's Armour         Chrm/Ice       #.......     26%         3    ###....
 Throw Icicle             Conj/Ice       #.......     58%         4    #####..
 Summon Ice Beast         Ice/Summ       #.......     65%         4    #####..


Dungeon Overview and Level Annotations

Branches:
Dungeon (2/15)

Altars:


Innate Abilities, Weirdness & Mutations

Your plain brown scales are hard. (AC +5)
You cannot fit into any form of body armour.
You are cold-blooded and may be slowed by cold attacks.


Message History

The adder poisons you!
You hit the adder.
The adder is severely wounded.
* * * LOW HITPOINT WARNING * * *
You feel sick. The adder bites you but does no damage.
The adder closely misses you.
You hit the adder.
The adder is almost dead.
* * * LOW HITPOINT WARNING * * *
You feel sick. The adder misses you.
Your magical contamination has completely faded away.
You closely miss the adder.
The adder is almost dead.
The adder bites you.
* * * LOW HITPOINT WARNING * * *
You are more poisoned.
The adder poisons you! The adder barely misses you.
You hit the adder but do no damage.
The adder is almost dead.
You die...

.# #..............##≈ .#
#..............##≈
.###############................≈
.'.............+........>.......≈
.###....#.######................≈
.+.............#).............###
.###.##.#.####............†......
.# #.##.#.....#†########'##......
.# #.##.#####.#.@# #.##...... ##
#.##.# #.##S# #.#≈..≈≈≈. #.##.#
#. #r# #..≈≈..≈.. #.##.# #. #g##
#.♣≈≈.♣≈.. #. #.# #. #..#
#.≈≈..≈≈.. #.. .. ##.# #....≈..≈.
#.## #.≈≈.≈..≈≈ #..# #.≈.♣..≈≈≈
##.## #.≈#≈♣≈.≈≈


You could see an adder, a goblin and a rat.

Vanquished Creatures
  An adder (D:2)
  A worm (D:2)
  3 leopard geckos (D:1)
  An orc (D:2)
  6 bats
  5 giant cockroaches
  3 goblins
  2 hobgoblins
  3 jackals (D:1)
  2 kobolds (D:1)
  4 frilled lizards
  6 rats
37 creatures vanquished.

Notes
Turn   | Place    | Note
-------+----------+-------------------------------------------
     0 | D:1      | Bronimir the Draconian Ice Elementalist began the quest for
                  | the Orb.
     0 | D:1      | Reached XP level 1. HP: 14/14 MP: 3/3
   334 | D:1      | Reached XP level 2. HP: 13/20 MP: 3/5
   675 | D:1      | Learned a level 2 spell: Throw Frost
  1307 | D:2      | Reached XP level 3. HP: 26/26 MP: 4/6
  1682 | D:2      | Succumbed to an adder's poison

Levels and vault maps discovered:
D:1:      nicolae_arrival_washed_ashore, layout_basic, kennysheep_nondescript
D:2:      layout_basic, serial_rivers, chequers_serial_rivers_micro_b,
          chequers_serial_rivers_micro_c, chequers_serial_rivers_micro_a,
          chequers_serial_rivers_marsh

Skill      XL: |  1 |
---------------+----+-----
Dodging        | 2 |  2.4
Axes           | |  0.3
Stealth        | |  1.7
Spellcasting   | |  2.5
Conjurations   | |  1.0
Ice Magic      | |  3.8

Action                   || total
-------------------------++-------
Melee: Unarmed           ||    24
       Tailslap          ||     7
       Hand axe          ||    55
 Cast: Freeze            ||    38
 Stab: Sleeping          ||     2
  Eat: Chunk             ||     3
Armor: Skin              ||    52
Dodge: Dodged            ||   116
